 Dungeon Crawl Stone Soup version 0.27.0-1-g7a089689b8 (webtiles) character file.

Game seed: 13889997612992141154

61 seveneves the Shield-Bearer (level 3, -1/33 HPs)
             Began as a Minotaur Fighter on Aug 4, 2021.
             Slain by a ball python (3 damage)
             ... on level 2 of the Dungeon.
             The game lasted 00:02:34 (687 turns).

seveneves the Shield-Bearer (Minotaur Fighter)       Turns: 687, Time: 00:02:35

Health: -1/33      AC:  7    Str: 21    XL:     3   Next: 83%
Magic:  2/2        EV:  7    Int:  5    God:
Gold:   20         SH:  9    Dex:  9    Spells: 2/2 levels left

rFire    . . .     SeeInvis .   h - +1 short sword (drain)
rCold    . . .     Faith    .   c - +0 kite shield
rNeg     . . .     Spirit   .   b - +0 scale mail
rPois    .         Reflect  .   (helmet restricted)
rElec    .         Harm     .   (no cloak)
rCorr    .         Rampage  .   (no gloves)
Will     .....                  (no boots)
Stlth    ..........             (no amulet)
HPRegen  0.11/turn              (no ring)
MPRegen  0.08/turn              (no ring)

@: mighty
A: horns 2, retaliatory headbutt
a: no special abilities


You were on level 2 of the Dungeon.
You visited 1 branch of the dungeon, and saw 2 of its levels.

You collected 20 gold pieces.

Inventory:

Hand Weapons
 a - a +0 long sword
 e - a +1 vampiric whip
 h - a +1 short sword of draining (weapon)
Armour
 b - a +0 scale mail (worn)
 c - a +0 kite shield (worn)
Scrolls
 i - a scroll of enchant weapon {unknown}
 j - a scroll of teleportation {unknown}
Potions
 f - a potion of lignification {unknown}
 g - a potion of resistance {unknown}
 k - a potion of curing {unknown}


   Skills:
 + Level 4.1 Fighting
 + Level 3.2 Long Blades
 + Level 0.2 Maces & Flails
 + Level 4.3 Armour
 + Level 0.3 Dodging
 + Level 4.3 Shields


You had 2 spell levels left.
You didn't know any spells.
Your spell library was empty.

Dungeon Overview and Level Annotations

Branches:
Dungeon (2/15)

Altars:


Innate Abilities, Weirdness & Mutations

You have a pair of horns on your head.
You reflexively headbutt those who attack you in melee.


Message History

The bat closely misses you. You furiously retaliate!
You headbutt the bat!
You kill the bat!
The worm completely misses you. The adder bites you.
You feel very mighty all of a sudden.
The jackal bites you but does no damage.
An endoplasm comes into view.
The adder bites you.
* * * LOW HITPOINT WARNING * * *
You are poisoned.
The adder poisons you!
You puncture the adder!
You kill the adder!
You feel sick.
The jackal bites you but does no damage.
You block the jackal's attack.
A ball python comes into view.
The jackal barely misses you. The jackal bites you.
* * * LOW HITPOINT WARNING * * *
You puncture the worm! You headbutt the worm.
The worm is almost dead.
You feel sick.
The jackal bites you but does no damage.
The jackal closely misses you. The worm closely misses you.
The jackal barely misses you. You furiously retaliate!
You headbutt the jackal!
You kill the jackal!
You puncture the worm!
You kill the worm!
* * * LOW HITPOINT WARNING * * *
You feel sick.
The jackal bites you but does no damage.
You block the jackal's attack.
You feel sick.
Found an escape hatch in the ceiling.
You see here a worm corpse.
You barely miss the endoplasm.
You feel sick.
You are no longer poisoned.
You block the jackal's attack. x2; The endoplasm barely misses you.
The ball python bites you.
You die...

<..... ..$...
......
......########
.............##
.#.........)..##
...............#
#.....J@)†.....#
......Sh...†...#
#..............#
#..............#
##............##
##..........##
############


You could see an endoplasm, a jackal and a ball python.

Vanquished Creatures
  An adder (D:2)
  2 dart slugs (D:1)
  A worm (D:2)
  5 bats
  2 endoplasms
  A giant cockroach (D:1)
  A goblin (D:1)
  3 hobgoblins
  5 jackals
  4 quokkas (D:1)
  3 ball pythons (D:1)
  3 frilled lizards (D:1)
  6 kobolds
  7 rats (D:1)
44 creatures vanquished.

Notes
Turn   | Place    | Note
-------+----------+-------------------------------------------
     0 | D:1      | seveneves the Minotaur Fighter began the quest for the Orb.
     0 | D:1      | Reached XP level 1. HP: 19/19 MP: 0/0
    29 | D:1      | Reached XP level 2. HP: 24/27 MP: 1/1
   143 | D:1      | Found a faded altar of an unknown god.
   374 | D:1      | Reached XP level 3. HP: 33/33 MP: 2/2
   687 | D:2      | Slain by a ball python

Illustrated notes

Levels and vault maps discovered:
D:1:      heliophobic_arrival_enchanted_forest, layout_basic,
          hellmonk_ecumenical_altar_inner_sanctum, minmay_nonomino_d4
D:2:      layout_rooms, grunt_ministairs_4, uniq_natasha,
          uniq_crazy_yiuf_cottage, uniq_terence

Skill      XL: |  1  2  3 |
---------------+----------+-----
Armour         | 4 |  4.3
Fighting       | 4 |  4.1
Shields        | 4 |  4.3
Long Blades    | 3 |  3.2
Maces & Flails | |  0.2
Dodging        | |  0.3

Action                   || total
-------------------------++-------
Melee: Long sword        ||    12
       Headbutt          ||    11
       Whip              ||    32
       Short sword       ||    45
  Use: Potion            ||     1
Armor: Scale mail        ||    50
Dodge: Dodged            ||    40
Block: Kite shield       ||    55
